Unix NetHack Version 3.7.0-62 Work-in-progress - last build Aug 24 2022 02:59:55 (1754fd7919031489bd266d173cb7fe17fa02ec73,branch:master).

Game began 2022-08-25 19:07:39, ended 2022-08-26 21:32:57.

spontiff, neutral male gnomish Healer

  
unexplored area
unexplored area
unexplored area
unexplored area
unexplored area
unexplored area
unexplored area
unexplored area
unexplored area
unexplored area
unexplored area
unexplored area
unexplored area
unexplored area
unexplored area
unexplored area
unexplored area
unexplored area
unexplored area
unexplored area
unexplored area
unexplored area
unexplored area
unexplored area
unexplored area
unexplored area
unexplored area
unexplored area
unexplored area
unexplored area
unexplored area
unexplored area
unexplored area
unexplored area
unexplored area
unexplored area
unexplored area
unexplored area
unexplored area
unexplored area
unexplored area
unexplored area
unexplored area
unexplored area
unexplored area
unexplored area
unexplored area
unexplored area
unexplored area
unexplored area
unexplored area
unexplored area
unexplored area
unexplored area
unexplored area
unexplored area
unexplored area
unexplored area
unexplored area
unexplored area
unexplored area
unexplored area
unexplored area
unexplored area
unexplored area
unexplored area
unexplored area
unexplored area
unexplored area
unexplored area
unexplored area
unexplored area
unexplored area
unexplored area
unexplored area
unexplored area
unexplored area
unexplored area
unexplored area
unexplored area
unexplored area
wall
wall
wall
wall
wall
wall
unexplored area
unexplored area
unexplored area
unexplored area
unexplored area
unexplored area
unexplored area
unexplored area
unexplored area
unexplored area
unexplored area
unexplored area
unexplored area
unexplored area
unexplored area
unexplored area
unexplored area
unexplored area
unexplored area
unexplored area
stone
stone
stone
stone
stone
stone
stone
stone
stone
stone
stone
stone
unexplored area
unexplored area
unexplored area
unexplored area
unexplored area
unexplored area
unexplored area
unexplored area
unexplored area
wall
wall
wall
wall
wall
wall
wall
wall
unexplored area
unexplored area
unexplored area
unexplored area
unexplored area
unexplored area
unexplored area
unexplored area
unexplored area
unexplored area
unexplored area
unexplored area
unexplored area
unexplored area
unexplored area
unexplored area
unexplored area
unexplored area
unexplored area
unexplored area
unexplored area
unexplored area
unexplored area
unexplored area
wall
.dark part of a room
.dark part of a room
.dark part of a room
.dark part of a room
wall
stone
stone
stone
stone
unexplored area
unexplored area
unexplored area
unexplored area
unexplored area
unexplored area
unexplored area
unexplored area
unexplored area
unexplored area
unexplored area
unexplored area
unexplored area
unexplored area
unexplored area
stone
0a boulder
corridor
corridor
corridor
corridor
corridor
corridor
corridor
corridor
corridor
corridor
stone
stone
unexplored area
unexplored area
unexplored area
unexplored area
unexplored area
unexplored area
unexplored area
unexplored area
wall
.dark part of a room
.dark part of a room
.dark part of a room
.dark part of a room
.dark part of a room
.dark part of a room
wall
stone
stone
unexplored area
unexplored area
unexplored area
unexplored area
unexplored area
unexplored area
unexplored area
unexplored area
unexplored area
unexplored area
unexplored area
unexplored area
unexplored area
unexplored area
unexplored area
unexplored area
unexplored area
unexplored area
unexplored area
unexplored area
unexplored area
unexplored area
wall
.dark part of a room
.dark part of a room
.dark part of a room
.dark part of a room
.doorway
corridor
corridor
corridor
stone
unexplored area
unexplored area
unexplored area
unexplored area
unexplored area
unexplored area
unexplored area
unexplored area
unexplored area
unexplored area
unexplored area
unexplored area
unexplored area
unexplored area
unexplored area
stone
corridor
wall
wall
wall
wall
wall
stone
stone
stone
stone
corridor
corridor
corridor
stone
stone
stone
stone
stone
stone
stone
stone
wall
.dark part of a room
.dark part of a room
.dark part of a room
.dark part of a room
.dark part of a room
.dark part of a room
-open door
corridor
stone
unexplored area
unexplored area
unexplored area
stone
stone
wall
wall
wall
wall
wall
wall
wall
unexplored area
unexplored area
unexplored area
unexplored area
unexplored area
unexplored area
unexplored area
unexplored area
unexplored area
unexplored area
wall
.dark part of a room
.dark part of a room
.dark part of a room
.dark part of a room
wall
stone
stone
corridor
stone
stone
stone
stone
stone
wall
wall
wall
wall
wall
stone
stone
stone
stone
stone
stone
stone
corridor
wall
.dark part of a room
.dark part of a room
.dark part of a room
wall
stone
unexplored area
unexplored area
unexplored area
stone
stone
corridor
corridor
corridor
corridor
corridor
corridor
corridor
corridor
corridor
.doorway
.dark part of a room
.dark part of a room
.dark part of a room
.dark part of a room
.dark part of a room
.dark part of a room
wall
corridor
stone
unexplored area
unexplored area
unexplored area
stone
corridor
-open door
>branch staircase down
.dark part of a room
.dark part of a room
.dark part of a room
.dark part of a room
wall
unexplored area
unexplored area
unexplored area
unexplored area
unexplored area
unexplored area
unexplored area
unexplored area
unexplored area
unexplored area
wall
.dark part of a room
.dark part of a room
.dark part of a room
.dark part of a room
.doorway
corridor
stone
corridor
corridor
corridor
corridor
corridor
stone
wall
.dark part of a room
.dark part of a room
.dark part of a room
.doorway
corridor
corridor
corridor
corridor
corridor
corridor
corridor
corridor
wall
>staircase down
.dark part of a room
.dark part of a room
.broken door
corridor
stone
unexplored area
unexplored area
unexplored area
stone
stone
stone
stone
stone
stone
stone
stone
stone
stone
wall
wall
|open door
wall
wall
wall
wall
wall
corridor
stone
unexplored area
unexplored area
unexplored area
stone
corridor
wall
.dark part of a room
.dark part of a room
.dark part of a room
.dark part of a room
.dark part of a room
wall
unexplored area
unexplored area
unexplored area
unexplored area
unexplored area
unexplored area
unexplored area
unexplored area
unexplored area
unexplored area
wall
.doorway
wall
wall
wall
wall
stone
stone
stone
stone
stone
stone
corridor
stone
wall
.dark part of a room
.dark part of a room
Fa statue of a red mold
wall
stone
stone
stone
stone
stone
stone
stone
stone
wall
.dark part of a room
.dark part of a room
.dark part of a room
wall
corridor
stone
unexplored area
unexplored area
unexplored area
unexplored area
unexplored area
unexplored area
unexplored area
unexplored area
unexplored area
unexplored area
stone
stone
stone
corridor
corridor
corridor
stone
unexplored area
unexplored area
stone
corridor
corridor
stone
unexplored area
unexplored area
unexplored area
stone
corridor
wall
.dark part of a room
.dark part of a room
.dark part of a room
.dark part of a room
.dark part of a room
wall
unexplored area
unexplored area
unexplored area
unexplored area
unexplored area
unexplored area
unexplored area
unexplored area
unexplored area
unexplored area
stone
corridor
stone
unexplored area
unexplored area
unexplored area
unexplored area
unexplored area
unexplored area
unexplored area
unexplored area
stone
corridor
stone
wall
.dark part of a room
.dark part of a room
.dark part of a room
wall
stone
stone
unexplored area
unexplored area
unexplored area
unexplored area
unexplored area
unexplored area
wall
.dark part of a room
.dark part of a room
.dark part of a room
wall
&Yeenoghu
stone
unexplored area
unexplored area
unexplored area
unexplored area
unexplored area
unexplored area
unexplored area
unexplored area
unexplored area
unexplored area
stone
corridor
corridor
corridor
stone
stone
stone
unexplored area
unexplored area
stone
^hole
stone
stone
unexplored area
unexplored area
unexplored area
stone
corridor
wall
|open door
wall
wall
wall
wall
wall
unexplored area
unexplored area
unexplored area
unexplored area
unexplored area
unexplored area
unexplored area
unexplored area
unexplored area
unexplored area
stone
corridor
stone
unexplored area
unexplored area
unexplored area
unexplored area
unexplored area
unexplored area
unexplored area
unexplored area
stone
corridor
stone
wall
.dark part of a room
.dark part of a room
.dark part of a room
-open door
corridor
stone
unexplored area
unexplored area
unexplored area
unexplored area
unexplored area
unexplored area
wall
.dark part of a room
.dark part of a room
.dark part of a room
wall
@gnomish healer called spontiff
stone
unexplored area
unexplored area
unexplored area
unexplored area
unexplored area
unexplored area
unexplored area
unexplored area
unexplored area
stone
stone
corridor
stone
stone
stone
unexplored area
unexplored area
unexplored area
unexplored area
stone
corridor
stone
unexplored area
unexplored area
unexplored area
unexplored area
stone
corridor
corridor
corridor
stone
unexplored area
unexplored area
unexplored area
unexplored area
unexplored area
unexplored area
unexplored area
unexplored area
unexplored area
unexplored area
unexplored area
unexplored area
unexplored area
unexplored area
stone
corridor
stone
unexplored area
unexplored area
unexplored area
unexplored area
unexplored area
unexplored area
unexplored area
unexplored area
stone
corridor
corridor
.broken door
.dark part of a room
.dark part of a room
.dark part of a room
wall
corridor
stone
unexplored area
unexplored area
unexplored area
unexplored area
unexplored area
unexplored area
wall
.dark part of a room
.dark part of a room
.dark part of a room
wall
lit corridor
stone
stone
stone
unexplored area
unexplored area
unexplored area
unexplored area
unexplored area
unexplored area
unexplored area
stone
)a dagger
corridor
stone
unexplored area
unexplored area
unexplored area
unexplored area
unexplored area
unexplored area
stone
corridor
stone
unexplored area
unexplored area
unexplored area
unexplored area
stone
stone
corridor
corridor
stone
unexplored area
unexplored area
unexplored area
unexplored area
unexplored area
unexplored area
unexplored area
unexplored area
unexplored area
unexplored area
unexplored area
unexplored area
unexplored area
unexplored area
stone
corridor
stone
stone
stone
unexplored area
unexplored area
unexplored area
unexplored area
unexplored area
unexplored area
stone
stone
stone
wall
wall
wall
wall
wall
corridor
stone
unexplored area
unexplored area
unexplored area
unexplored area
unexplored area
stone
wall
.doorway
wall
|open door
wall
corridor
corridor
corridor
corridor
stone
unexplored area
unexplored area
unexplored area
unexplored area
unexplored area
unexplored area
stone
)a dagger
stone
stone
unexplored area
unexplored area
unexplored area
unexplored area
unexplored area
unexplored area
stone
corridor
stone
unexplored area
unexplored area
unexplored area
unexplored area
unexplored area
stone
stone
corridor
stone
stone
unexplored area
unexplored area
unexplored area
unexplored area
unexplored area
unexplored area
unexplored area
unexplored area
unexplored area
unexplored area
unexplored area
unexplored area
unexplored area
stone
corridor
corridor
corridor
stone
stone
unexplored area
unexplored area
unexplored area
unexplored area
unexplored area
unexplored area
unexplored area
unexplored area
unexplored area
unexplored area
unexplored area
unexplored area
stone
corridor
stone
unexplored area
unexplored area
unexplored area
unexplored area
unexplored area
stone
corridor
corridor
stone
corridor
stone
stone
stone
stone
corridor
stone
stone
wall
wall
wall
wall
wall
wall
|open door
wall
wall
wall
wall
wall
unexplored area
unexplored area
unexplored area
stone
corridor
stone
unexplored area
unexplored area
unexplored area
unexplored area
unexplored area
unexplored area
stone
corridor
corridor
stone
unexplored area
unexplored area
unexplored area
unexplored area
unexplored area
unexplored area
unexplored area
unexplored area
unexplored area
unexplored area
unexplored area
unexplored area
unexplored area
stone
stone
stone
corridor
corridor
stone
unexplored area
unexplored area
unexplored area
unexplored area
unexplored area
unexplored area
unexplored area
unexplored area
unexplored area
unexplored area
unexplored area
unexplored area
stone
corridor
stone
unexplored area
unexplored area
unexplored area
stone
stone
stone
corridor
stone
stone
stone
stone
unexplored area
unexplored area
stone
corridor
corridor
corridor
wall
.dark part of a room
.dark part of a room
.dark part of a room
.dark part of a room
.dark part of a room
.dark part of a room
.dark part of a room
.dark part of a room
.dark part of a room
.dark part of a room
wall
unexplored area
unexplored area
unexplored area
stone
corridor
stone
unexplored area
unexplored area
unexplored area
unexplored area
unexplored area
unexplored area
stone
stone
corridor
stone
unexplored area
unexplored area
unexplored area
unexplored area
unexplored area
unexplored area
unexplored area
unexplored area
unexplored area
unexplored area
unexplored area
unexplored area
unexplored area
unexplored area
unexplored area
unexplored area
stone
corridor
stone
unexplored area
unexplored area
unexplored area
unexplored area
unexplored area
unexplored area
unexplored area
unexplored area
unexplored area
unexplored area
unexplored area
unexplored area
stone
corridor
stone
stone
stone
stone
corridor
corridor
corridor
corridor
stone
unexplored area
unexplored area
unexplored area
unexplored area
unexplored area
unexplored area
stone
stone
corridor
.doorway
.dark part of a room
.dark part of a room
.dark part of a room
.dark part of a room
.dark part of a room
.dark part of a room
.dark part of a room
.dark part of a room
.dark part of a room
<staircase up
wall
unexplored area
unexplored area
unexplored area
stone
corridor
stone
unexplored area
unexplored area
unexplored area
unexplored area
unexplored area
unexplored area
unexplored area
stone
corridor
stone
unexplored area
unexplored area
unexplored area
unexplored area
unexplored area
unexplored area
unexplored area
unexplored area
unexplored area
unexplored area
unexplored area
unexplored area
unexplored area
unexplored area
unexplored area
unexplored area
stone
corridor
stone
stone
unexplored area
unexplored area
unexplored area
unexplored area
unexplored area
unexplored area
unexplored area
unexplored area
unexplored area
unexplored area
unexplored area
stone
corridor
corridor
corridor
corridor
stone
corridor
stone
stone
stone
stone
unexplored area
unexplored area
unexplored area
unexplored area
stone
stone
stone
stone
stone
wall
.dark part of a room
.dark part of a room
.dark part of a room
.dark part of a room
.dark part of a room
.dark part of a room
.dark part of a room
.dark part of a room
.dark part of a room
.dark part of a room
wall
unexplored area
unexplored area
unexplored area
stone
corridor
wall
wall
wall
wall
wall
wall
wall
wall
wall
corridor
stone
unexplored area
unexplored area
unexplored area
unexplored area
unexplored area
unexplored area
unexplored area
unexplored area
unexplored area
unexplored area
unexplored area
unexplored area
unexplored area
unexplored area
unexplored area
unexplored area
stone
corridor
corridor
stone
unexplored area
unexplored area
unexplored area
unexplored area
unexplored area
unexplored area
unexplored area
unexplored area
unexplored area
unexplored area
unexplored area
stone
stone
stone
stone
corridor
wall
.doorway
wall
wall
wall
wall
wall
wall
wall
wall
stone
corridor
corridor
corridor
corridor
.doorway
.dark part of a room
.dark part of a room
.dark part of a room
.dark part of a room
.dark part of a room
.dark part of a room
.dark part of a room
.dark part of a room
.dark part of a room
.dark part of a room
wall
unexplored area
unexplored area
unexplored area
stone
corridor
wall
fountain
.dark part of a room
.dark part of a room
.dark part of a room
.dark part of a room
.dark part of a room
.dark part of a room
wall
corridor
stone
unexplored area
unexplored area
unexplored area
unexplored area
unexplored area
unexplored area
unexplored area
unexplored area
unexplored area
unexplored area
unexplored area
unexplored area
wall
wall
wall
wall
wall
wall
.doorway
wall
wall
wall
stone
stone
stone
stone
stone
stone
stone
stone
stone
stone
stone
stone
stone
corridor
.doorway
.dark part of a room
.dark part of a room
.dark part of a room
.dark part of a room
.dark part of a room
.dark part of a room
.dark part of a room
.dark part of a room
wall
corridor
corridor
stone
stone
stone
wall
wall
wall
wall
wall
wall
wall
wall
wall
wall
wall
wall
unexplored area
unexplored area
unexplored area
stone
corridor
wall
.dark part of a room
.dark part of a room
.dark part of a room
.dark part of a room
.dark part of a room
.dark part of a room
.dark part of a room
.doorway
corridor
stone
unexplored area
unexplored area
unexplored area
unexplored area
unexplored area
unexplored area
unexplored area
unexplored area
unexplored area
unexplored area
unexplored area
unexplored area
wall
.dark part of a room
.dark part of a room
.dark part of a room
.dark part of a room
.dark part of a room
.dark part of a room
)an uncursed +0 scalpel
.dark part of a room
-open door
corridor
corridor
corridor
corridor
corridor
corridor
corridor
corridor
corridor
corridor
corridor
stone
stone
stone
wall
.dark part of a room
.dark part of a room
.dark part of a room
.dark part of a room
.dark part of a room
.dark part of a room
.dark part of a room
.dark part of a room
wall
corridor
stone
stone
unexplored area
unexplored area
unexplored area
unexplored area
unexplored area
unexplored area
unexplored area
unexplored area
unexplored area
unexplored area
unexplored area
unexplored area
unexplored area
unexplored area
unexplored area
unexplored area
unexplored area
stone
corridor
.doorway
.dark part of a room
.dark part of a room
.dark part of a room
.dark part of a room
.dark part of a room
.dark part of a room
^rust trap
wall
stone
unexplored area
unexplored area
unexplored area
unexplored area
unexplored area
unexplored area
unexplored area
unexplored area
unexplored area
unexplored area
unexplored area
unexplored area
unexplored area
wall
.dark part of a room
.dark part of a room
.dark part of a room
.dark part of a room
.dark part of a room
.dark part of a room
.dark part of a room
.dark part of a room
wall
stone
stone
stone
stone
stone
stone
stone
stone
stone
stone
corridor
corridor
corridor
corridor
-open door
.dark part of a room
.dark part of a room
.dark part of a room
.dark part of a room
.dark part of a room
.dark part of a room
.dark part of a room
.dark part of a room
.doorway
corridor
stone
unexplored area
unexplored area
unexplored area
unexplored area
unexplored area
unexplored area
unexplored area
unexplored area
unexplored area
unexplored area
unexplored area
unexplored area
unexplored area
unexplored area
unexplored area
unexplored area
unexplored area
unexplored area
stone
stone
wall
.dark part of a room
.dark part of a room
.dark part of a room
.dark part of a room
.dark part of a room
.dark part of a room
.dark part of a room
wall
unexplored area
unexplored area
unexplored area
unexplored area
unexplored area
unexplored area
unexplored area
unexplored area
unexplored area
unexplored area
unexplored area
unexplored area
unexplored area
unexplored area
wall
wall
wall
wall
wall
wall
wall
wall
wall
wall
unexplored area
unexplored area
unexplored area
unexplored area
unexplored area
unexplored area
unexplored area
unexplored area
unexplored area
unexplored area
stone
stone
stone
stone
wall
wall
wall
wall
wall
wall
wall
wall
wall
wall
unexplored area
unexplored area
unexplored area
unexplored area
unexplored area
unexplored area
unexplored area
unexplored area
unexplored area
unexplored area
unexplored area
unexplored area
unexplored area
unexplored area
unexplored area
unexplored area
unexplored area
unexplored area
unexplored area
unexplored area
unexplored area
unexplored area
wall
wall
wall
wall
wall
wall
wall
wall
wall
unexplored area
unexplored area
unexplored area
unexplored area
unexplored area
unexplored area
unexplored area
unexplored area
unexplored area
unexplored area
unexplored area
unexplored area
unexplored area
unexplored area
unexplored area
unexplored area
unexplored area
unexplored area
unexplored area
unexplored area
unexplored area
unexplored area
unexplored area
unexplored area
unexplored area
unexplored area
unexplored area
unexplored area
unexplored area
unexplored area
unexplored area
unexplored area
unexplored area
unexplored area
unexplored area
unexplored area
unexplored area
unexplored area
unexplored area
unexplored area
unexplored area
unexplored area
unexplored area
unexplored area
unexplored area
unexplored area
unexplored area
unexplored area
unexplored area
unexplored area
unexplored area
unexplored area
unexplored area
unexplored area
unexplored area
unexplored area
unexplored area
unexplored area
unexplored area
unexplored area
unexplored area
unexplored area
unexplored area
unexplored area
unexplored area
unexplored area
unexplored area
unexplored area
unexplored area
unexplored area
unexplored area
unexplored area
unexplored area
unexplored area
unexplored area
unexplored area
unexplored area
unexplored area
unexplored area
unexplored area
unexplored area
unexplored area
unexplored area
unexplored area
unexplored area
unexplored area
unexplored area
unexplored area
unexplored area
unexplored area
unexplored area
unexplored area
[Spontiff the Rhizotomist ] St:9 Dx:11 Co:18 In:8 Wi:14 Ch:18 Neutral S:500 Dlvl:3 $:0 HP:0(46) Pw:1(14) AC:-13 Xp:2/20 T:11944 Conf

Latest messages:

Yeenoghu swings his flail.
Yeenoghu hits!
Yeenoghu swings his flail.
Yeenoghu hits!
Yeenoghu hits!
Yeenoghu casts a spell at you!
You are hit by a shower of missiles!
The missiles bounce off!
You swap places with your large dog.
The large dog bites it.
Yeenoghu points at you, then curses.
Yeenoghu points at you, then curses.
In what direction? .
You feel better.
Yeenoghu throws 2 darts!
The 1st dart hits the large dog.
The 2nd dart hits the large dog.
Yeenoghu points at you, then curses.
What do you want to drink? [JM or ?*] ?
Never mind.
What do you want to use or apply? [bcklostwxBDNQTXY or ?*] s
In what direction? h
You hear nothing special.
Yeenoghu appears next to you!
Yeenoghu swings his flail.
Yeenoghu hits!
Yeenoghu swings his flail.
Yeenoghu hits!
You are getting confused.
Yeenoghu hits!
Yeenoghu points at you, then curses.
Yeenoghu swings his flail.
Yeenoghu hits!
Yeenoghu swings his flail.
Yeenoghu hits!
Yeenoghu hits!
Yeenoghu points at you, then curses.
What do you want to use or apply? [bcklostwxBDNQTXY or ?*] c
Nothing seems to happen.
Yeenoghu swings his flail.
Yeenoghu hits!
Yeenoghu swings his flail.
Yeenoghu hits!
Yeenoghu hits!
Yeenoghu points at you, then curses.
Yeenoghu swings his flail.
Yeenoghu hits!
You die...
Do you want your possessions identified? [ynq] (y) y
Do you want to see the dungeon overview? [ynq] (y) y

Major events:

Turn

1: spontiff the neutral male gnomish Healer entered the dungeon
1338: entered the Gnomish Mines
2141: reached Mine Town
10238: acquired the Mines' End luckstone
11944: killed by Yeenoghu

Inventory:

Amulets

A - an uncursed amulet of guarding (being worn)

Armor

h - an uncursed rusty +3 orcish helm (being worn)
g - an uncursed +1 pair of leather gloves (being worn)
v - an uncursed +0 pair of high boots (being worn)
r - an uncursed +3 small shield (being worn)
q - an uncursed +0 cloak of magic resistance (being worn)

Comestibles

y - an uncursed apple
n - 2 uncursed food rations
p - a cursed tripe ration
i - an uncursed lizard corpse

Scrolls

K - a blessed scroll of blank paper
Z - 2 uncursed scrolls of blank paper
U - a cursed scroll of gold detection
I - a blessed scroll of identify
P - 2 uncursed scrolls of identify
W - an uncursed scroll of light
u - 2 uncursed scrolls of magic mapping

Spellbooks

b - a blessed spellbook of healing

Potions

M - 2 uncursed potions of object detection
J - an uncursed potion of water

Wands

D - an uncursed wand of digging (0:2)
Q - an uncursed wand of speed monster (0:7)
N - an uncursed wand of striking (0:4)
T - an uncursed wand of teleportation (0:3)

Tools

x - an uncursed brass lantern
B - an uncursed brass lantern
o - an uncursed magic whistle
w - an uncursed mirror
X - a blessed oil lamp
k - an uncursed skeleton key
s - an uncursed stethoscope
t - an uncursed towel
c - an uncursed +0 unicorn horn
Y - an uncursed +0 unicorn horn

Gems/Stones

R - 3 uncursed amethyst stones
d - an uncursed chrysoberyl stone
S - 3 uncursed diamonds
C - an uncursed dilithium crystal
E - 7 uncursed emeralds
O - 2 uncursed fluorite stones
m - 3 uncursed rubies
G - an uncursed worthless piece of black glass
L - 2 uncursed worthless pieces of black glass
f - an uncursed worthless piece of blue glass
e - 5 uncursed worthless pieces of green glass
a - an uncursed worthless piece of orange glass
F - 5 uncursed worthless pieces of red glass
j - 6 uncursed worthless pieces of violet glass
z - 3 uncursed worthless pieces of white glass
H - 5 uncursed worthless pieces of yellow glass
V - an uncursed worthless piece of yellowish brown glass
l - an uncursed luckstone

Spontiff the Healer's attributes:


Background:

You were a Rhizotomist, a level 2 male gnomish Healer.
You were neutral, on a mission for Hermes
who was opposed by Athena (lawful) and Poseidon (chaotic).
You were in the Dungeons of Doom, on level 3.
You entered the dungeon 11944 turns ago.
There was a new moon in effect when your adventure ended.
You had 20 experience points, 20 more were needed to attain level 3.
Your score was 500 before end-of-game adjustments.

Basics:

You had 0 out of 46 hit points.
You had 1 out of 14 energy points (spell power).
Your armor class was -13.
Your wallet was empty.
Autopickup was on for '$!/="?' plus thrown, with exceptions.

Final Characteristics:

Your strength was 9 (limit:18/50).
Your dexterity was 11 (limit:18).
Your constitution was 18 (limit:18).
Your intelligence was 8 (limit:19).
Your wisdom was 14 (peak:15, limit:18).
Your charisma was 18 (limit:18).

Final Status:

You were confused.
You were not hungry.
You were unencumbered.
You were empty handed.
You were unskilled in bare handed combat.

Final Attributes:

You were piously aligned.
You were magic-protected.
You were poison resistant.
You had infravision.
You had a large defense bonus (+11).
You were protected.
You were very lucky.
You had extra luck.
Bad luck did not time out for you.
Good luck did not time out for you.
You are dead.

Miscellaneous:
You encountered 1 bones level.
Total elapsed playing time was 5 hours, 16 minutes and 4 seconds.

Vanquished creatures:

2 ghosts
a large mimic
4 water demons
2 small mimics
a large dog
a quivering blob
a wolf
4 leprechauns
an iron piercer
3 giant spiders
a gnome ruler
an orc mummy
a werewolf
a lizard
a jaguar
a dwarf leader
a gray unicorn
a black unicorn
2 ravens
a gnome mummy
2 imps
2 wood nymphs
a water nymph
2 mountain nymphs
2 Mordor orcs
2 rock piercers
a rock mole
4 ponies
2 fog clouds
2 yellow lights
3 shriekers
3 violet fungi
5 gnome leaders
2 gnomish wizards
4 kobold mummies
a paper golem
2 giant ants
a little dog
a floating eye
2 kittens
23 dwarves
a homunculus
5 kobold leaders
a kobold shaman
3 hill orcs
13 rothes
a rabid rat
3 centipedes
a giant bat
a monkey
3 orc zombies
a dwarf zombie
2 wererats
2 werejackals
7 iguanas
6 killer bees
2 acid blobs
2 gas spores
7 hobbits
6 manes
4 large kobolds
5 hobgoblins
9 giant rats
3 cave spiders
5 yellow molds
3 green molds
a red mold
19 gnomes
3 gnome zombies
10 geckos
18 jackals
4 foxes
3 kobolds
7 goblins
5 sewer rats
8 grid bugs
6 bats
9 lichens
3 kobold zombies
11 newts
301 creatures vanquished.
No species were genocided or became extinct.

Voluntary challenges:

You never hit with a wielded weapon.
You were a pacifist.
You read items or engraved 2 times.
You never engraved Elbereth.
You never genocided any monsters.
You never polymorphed an object.
You never changed form.
You used no wishes.

Achievements:

You entered the Gnomish Mines.
You entered Minetown.
You entered a temple.
You entered a shop.
You completed the Gnomish Mines.

The Dungeons of Doom: levels 1 to 4

   Level 1:
Level 2: "Stashlet"
Level 3: "Yeenoghu about" <- You were here.
A fountain.
Stairs down to The Gnomish Mines.
Final resting place for
you, killed by Yeenoghu.
Level 4:

The Gnomish Mines: levels 4 to 11

   Level 4:
Level 5:
Level 6:
Level 7:
Many shops, a temple, a fountain, a grave, some trees.
Final resting place for
OpticSugar-Bar-Hum-Mal-Cha, killed by a wolf, while fainted from lack of food,
McPanther-Val-Dwa-Fem-Law, killed by a wolf.
Level 8: "Polytrap somewhere"
Level 9:
Level 10:
Level 11:

Game over:

----------
/ \
/ REST \
/ IN \
/ PEACE \
/ \
| spontiff |
| 0 Au |
| killed by |
| Yeenoghu |
| |
| |
| 2022 |
*| * * * | *
_________)/\\_//(\/(/\)/\//\/|_)_______

Goodbye spontiff the Healer...


You died in The Dungeons of Doom on dungeon level 3 with 500 points,
and 0 pieces of gold, after 11944 moves.
You were level 2 with a maximum of 46 hit points when you died.